SA
PHOENIX HOTSPUR U-21 @ CONNETQUOT CHIEFS
07/27/2023
 
TOP OF THE 1ST
Phoenix Hotspur U-21 batting - Pitching for Connetquot Chiefs : RHP Nick Richie
Pitching: RHP Nick Richie
Batting: LHB Sergio Rodríguez 0-0: Ground out U3 (Groundball, 3)
Batting: LHB Luis Díaz 0-0: Ball
1-0: Ball
2-0: SINGLE (Groundball, 6M)
Batting: RHB Marc Meertens 0-0: Called Strike
0-1: Ball
1-1: Fly out, F4 (Line Drive, 4)
Batting: LHB Rafael Sánchez 0-0: Fly out, F7 (Flyball, 8LS)
Top of the 1st over - 0 run(s), 1 hit(s), 0 error(s), 1 left on base; Phoenix 0 - Connetquot 0
BOTTOM OF THE 1ST
Connetquot Chiefs batting - Pitching for Phoenix Hotspur U-21 : RHP Adam Garrison
Pitching: RHP Adam Garrison
Batting: RHB Juan Salinas 0-0: Ball
1-0: Fly out, F4 (Popup, 4M)
Batting: RHB José Magana 0-0: Ball
1-0: Ball
2-0: Ball
3-0: Called Strike
3-1: Fly out, F4 (Popup, 34)
Batting: RHB Arturo Morales 0-0: Ground out 4-3 (Groundball, 13)
Bottom of the 1st over - 0 run(s), 0 hit(s), 0 error(s), 0 left on base; Phoenix 0 - Connetquot 0
TOP OF THE 2ND
Phoenix Hotspur U-21 batting - Pitching for Connetquot Chiefs : RHP Nick Richie
Batting: RHB Carl Tucker 0-0: Ball
1-0: Ball
2-0: SINGLE (Groundball, 56)
Batting: RHB Eric Conway 0-0: Fly out, F8 (Flyball, 8LM)
Batting: RHB Edolf Middehof 0-0: SINGLE (Groundball, 6MD)
Carl Tucker to second
Batting: RHB Juan Rivera 0-0: Ball
1-0: SINGLE (Groundball, 56D)
Carl Tucker to third
Edolf Middehof to second
Runner from 3rd tries for Home, SAFE, throw made home
Batting: RHB Rubén Andrada 0-0: Called Strike
0-1: Ball
1-1: Foul Ball, location: 2F
1-2: Strikes out swinging
Batting: LHB Sergio Rodríguez 0-0: Called Strike
0-1: DOUBLE (Line Drive, 89M)
Edolf Middehof scores
Juan Rivera to third
Batting: LHB Luis Díaz 0-0: Called Strike
0-1: Called Strike
0-2: Ball
1-2: Strikes out swinging
Top of the 2nd over - 2 run(s), 4 hit(s), 0 error(s), 2 left on base; Phoenix 2 - Connetquot 0
BOTTOM OF THE 2ND
Connetquot Chiefs batting - Pitching for Phoenix Hotspur U-21 : RHP Adam Garrison
Batting: LHB Félix Fernández 0-0: Foul Ball, location: 2F
0-1: Called Strike
0-2: Ball
1-2: Ball
2-2: Ball
3-2: Base on Balls
Batting: LHB SaQwan Hackett 0-0: Called Strike
0-1: Foul Ball, location: 2F
0-2: Foul Ball, location: 2F
0-2: Ball
1-2: Ball
2-2: Fly out, F8 (Flyball, 8LXD)
Batting: RHB John Burton 0-0: Swinging Strike
0-1: Foul Ball, location: 2F
0-2: Ball
1-2: Foul Ball, location: 2F
1-2: Foul Ball, location: 2F
1-2: Ball
2-2: Fly out, F9 (Flyball, 9M)
Batting: SHB Britt Ducker 0-0: Fielders Choice at 2nd, U4 (Groundball, 4M)
Bottom of the 2nd over - 0 run(s), 0 hit(s), 0 error(s), 1 left on base; Phoenix 2 - Connetquot 0
TOP OF THE 3RD
Phoenix Hotspur U-21 batting - Pitching for Connetquot Chiefs : RHP Nick Richie
Batting: RHB Marc Meertens 0-0: Fly out, F2 (Popup, 25F)
Batting: LHB Rafael Sánchez 0-0: Called Strike
0-1: Ball
1-1: Swinging Strike
1-2: Ground out 4-3 (Groundball, 4M)
Batting: RHB Carl Tucker 0-0: Ball
1-0: Foul Ball, location: 2F
1-1: Foul Ball, location: 2F
1-2: Ball
2-2: Foul Ball, location: 2F
2-2: Foul Ball, location: 2F
2-2: Ball
3-2: Ground out 4-3 (Groundball, 4M)
Top of the 3rd over - 0 run(s), 0 hit(s), 0 error(s), 0 left on base; Phoenix 2 - Connetquot 0
BOTTOM OF THE 3RD
Connetquot Chiefs batting - Pitching for Phoenix Hotspur U-21 : RHP Adam Garrison
Batting: RHB Emanuel Bree 0-0: Called Strike
0-1: Foul Ball, location: 2F
0-2: Ground out 5-3 (Groundball, 5)
Batting: RHB David Pérez 0-0: Ground out 4-3 (Groundball, 4)
Batting: RHB Juan Salinas 0-0: Ball
1-0: Foul Ball, location: 2F
1-1: Foul Ball, location: 2F
1-2: Foul Ball, location: 2F
1-2: Fly out, F2 (Popup, 2LF)
Bottom of the 3rd over - 0 run(s), 0 hit(s), 0 error(s), 0 left on base; Phoenix 2 - Connetquot 0
TOP OF THE 4TH
Phoenix Hotspur U-21 batting - Pitching for Connetquot Chiefs : RHP Nick Richie
Batting: RHB Eric Conway 0-0: Called Strike
0-1: Swinging Strike
0-2: Ball
1-2: Strikes out swinging
Batting: RHB Edolf Middehof 0-0: Called Strike
0-1: Ball
1-1: Ground out 4-3 (Groundball, 4)
Batting: RHB Juan Rivera 0-0: Ball
1-0: SINGLE (Groundball, 6)
Batting: RHB Rubén Andrada 0-0: Called Strike
0-1: Ball
1-1: Foul Ball, location: 2F
1-2: Ground out 5-3 (Groundball, 5S)
Top of the 4th over - 0 run(s), 1 hit(s), 0 error(s), 1 left on base; Phoenix 2 - Connetquot 0
BOTTOM OF THE 4TH
Connetquot Chiefs batting - Pitching for Phoenix Hotspur U-21 : RHP Adam Garrison
Batting: RHB José Magana 0-0: Foul Ball, location: 2F
0-1: Foul Ball, location: 2F
0-2: Ball
1-2: Ball
2-2: SINGLE (Groundball, 56D)
Batting: RHB Arturo Morales 0-0: Foul Ball, location: 2F
0-1: Fielders Choice at 2nd, 6-4 (Groundball, 6)
Batting: LHB Félix Fernández 0-0: Called Strike
0-1: Ball
1-1: Ball
2-1: Foul Ball, location: 2F
2-2: Strikes out looking
Batting: LHB SaQwan Hackett 0-0: Hit by Pitch
Arturo Morales to second
Batting: RHB John Burton 0-0: Called Strike
0-1: Foul Ball, location: 2F
0-2: Fly out, F7 (Flyball, 78S)
Bottom of the 4th over - 0 run(s), 1 hit(s), 0 error(s), 2 left on base; Phoenix 2 - Connetquot 0
TOP OF THE 5TH
Phoenix Hotspur U-21 batting - Pitching for Connetquot Chiefs : RHP Nick Richie
Batting: LHB Sergio Rodríguez 0-0: Called Strike
0-1: Ball
1-1: Ball
2-1: Ball
3-1: Base on Balls
Batting: LHB Luis Díaz 0-0: Ball
1-0: Fly out, F7 (Flyball, 7M)
Batting: RHB Marc Meertens 0-0: Called Strike
0-1: Ball
1-1: Ball
2-1: SINGLE (Groundball, 4M) (infield hit)
Sergio Rodríguez to second
Batting: LHB Rafael Sánchez 0-0: Called Strike
0-1: Ball
1-1: Grounds into double play, 4-6-3 (Groundball, 4)
Top of the 5th over - 0 run(s), 1 hit(s), 0 error(s), 1 left on base; Phoenix 2 - Connetquot 0
BOTTOM OF THE 5TH
Connetquot Chiefs batting - Pitching for Phoenix Hotspur U-21 : RHP Adam Garrison
Batting: SHB Britt Ducker 0-0: Ball
1-0: Ground out 5-3 (Groundball, 15S)
Batting: RHB Emanuel Bree 0-0: Ball
1-0: Swinging Strike
1-1: Ball
2-1: Fly out, F9 (Flyball, 89M)
Batting: RHB David Pérez 0-0: Ball
1-0: Foul Ball, location: 2F
1-1: Foul Ball, location: 2F
1-2: Ball
2-2: Foul Ball, location: 2F
2-2: Strikes out swinging
Bottom of the 5th over - 0 run(s), 0 hit(s), 0 error(s), 0 left on base; Phoenix 2 - Connetquot 0
TOP OF THE 6TH
Phoenix Hotspur U-21 batting - Pitching for Connetquot Chiefs : RHP Nick Richie
Batting: RHB Carl Tucker 0-0: Ball
1-0: Ball
2-0: Ball
3-0: Called Strike
3-1: Base on Balls
Batting: RHB Eric Conway 0-0: Ball
1-0: SINGLE (Groundball, 56D)
Carl Tucker to second
Batting: RHB Edolf Middehof 0-0: Called Strike
0-1: Called Strike
0-2: Ball
1-2: Ball
2-2: Ball
3-2: Foul Ball, location: 2F
3-2: SINGLE (Groundball, 6MD)
Carl Tucker to third
Eric Conway to second
Batting: RHB Juan Rivera 0-0: Foul Ball, location: 2F
0-1: Fly out, F5 (Popup, 56S)
Batting: RHB Rubén Andrada 0-0: Foul Ball, location: 2F
0-1: Called Strike
0-2: Ball
1-2: Ball
2-2: Strikes out swinging
Batting: LHB Sergio Rodríguez 0-0: Fly out, F7 (Flyball, 7M)
Top of the 6th over - 0 run(s), 2 hit(s), 0 error(s), 3 left on base; Phoenix 2 - Connetquot 0
BOTTOM OF THE 6TH
Connetquot Chiefs batting - Pitching for Phoenix Hotspur U-21 : RHP Adam Garrison
Batting: RHB Juan Salinas 0-0: Called Strike
0-1: Called Strike
0-2: Ball
1-2: SINGLE (Groundball, 6M)
Batting: RHB José Magana 0-0: Ball
1-0: Fly out, F8 (Flyball, 8LM)
Batting: RHB Arturo Morales 0-0: Foul Ball, location: 2F
0-1: Called Strike
0-2: Strikes out swinging
Batting: LHB Félix Fernández 0-0: Foul Ball, location: 2F
0-1: Ball
1-1: Foul Ball, location: 2F
1-2: Ball
Juan Salinas is caught stealing 2nd base
Bottom of the 6th over - 0 run(s), 1 hit(s), 0 error(s), 0 left on base; Phoenix 2 - Connetquot 0
TOP OF THE 7TH
Phoenix Hotspur U-21 batting - Pitching for Connetquot Chiefs : RHP Nick Richie
Batting: LHB Luis Díaz 0-0: Ball
1-0: Foul Ball, location: 2F
1-1: Ball
2-1: Swinging Strike
2-2: Strikes out swinging
Batting: RHB Marc Meertens 0-0: Ball
1-0: Ball
2-0: Ball
3-0: Called Strike
3-1: Swinging Strike
3-2: Strikes out swinging
Batting: LHB Rafael Sánchez 0-0: SINGLE (Line Drive, 4D)
Pitching: RHP Tommy Middleton
Batting: RHB Carl Tucker 0-0: Ball
1-0: SINGLE (Line Drive, 6M)
Rafael Sánchez to second
Batting: RHB Eric Conway 0-0: Foul Ball, location: 2F
0-1: Swinging Strike
0-2: Foul Ball, location: 2F
0-2: Strikes out swinging
Top of the 7th over - 0 run(s), 2 hit(s), 0 error(s), 2 left on base; Phoenix 2 - Connetquot 0
BOTTOM OF THE 7TH
Connetquot Chiefs batting - Pitching for Phoenix Hotspur U-21 : RHP Adam Garrison
Batting: LHB Félix Fernández 0-0: Ball
1-0: Ball
2-0: Ball
3-0: Base on Balls
Batting: LHB SaQwan Hackett 0-0: Ball
1-0: DOUBLE (Groundball, 3L)
Félix Fernández to third
Batting: RHB John Burton 0-0: Called Strike
0-1: Fly out, F9 (Flyball, 89S)
Batting: SHB Britt Ducker 0-0: Called Strike
0-1: Foul Ball, location: 2F
0-2: Ball
1-2: Ball
2-2: Foul Ball, location: 2F
2-2: Foul Ball, location: 2F
2-2: Foul Ball, location: 2F
2-2: Ball
3-2: Foul Ball, location: 2F
3-2: Base on Balls
Pinch Hitting: RHB Fred Burt 0-0: Called Strike
0-1: Ball
1-1: Grounds into double play, 4-6-3 (Groundball, 4)
Bottom of the 7th over - 0 run(s), 1 hit(s), 0 error(s), 2 left on base; Phoenix 2 - Connetquot 0
TOP OF THE 8TH
Phoenix Hotspur U-21 batting - Pitching for Connetquot Chiefs : RHP Tommy Middleton
Now in CF: Rúbem Corvo
Batting: RHB Edolf Middehof 0-0: Fly out, F8 (Flyball, 8LXD)
Batting: RHB Juan Rivera 0-0: Called Strike
0-1: Ground out 6-3 (Groundball, 6)
Batting: RHB Rubén Andrada 0-0: Ball
1-0: Called Strike
1-1: Ball
2-1: Ball
3-1: Called Strike
3-2: Base on Balls
Batting: LHB Sergio Rodríguez 0-0: Called Strike
0-1: Called Strike
0-2: Ball
1-2: Strikes out swinging
Top of the 8th over - 0 run(s), 0 hit(s), 0 error(s), 1 left on base; Phoenix 2 - Connetquot 0
BOTTOM OF THE 8TH
Connetquot Chiefs batting - Pitching for Phoenix Hotspur U-21 : RHP Adam Garrison
Now at 1B: José Randín
Batting: RHB David Pérez 0-0: SINGLE (Flyball, 8RS)
Batting: RHB Juan Salinas 0-0: Called Strike
0-1: Foul Ball, location: 2F
0-2: Ball
1-2: Ball
2-2: SINGLE (Groundball, 6MD) (infield hit)
David Pérez to second
Batting: RHB José Magana 0-0: Called Strike
0-1: Fly out, F7 (Flyball, 78XD)
Runner from 2nd tags up, SAFE at 3rd, no throw
Batting: RHB Arturo Morales 0-0: Ball
1-0: Called Strike
1-1: Ball
2-1: Foul Ball, location: 2F
2-2: Foul Ball, location: 2F
2-2: Ball
3-2: Grounds into double play, 6-4-3 (Groundball, 6)
Bottom of the 8th over - 0 run(s), 2 hit(s), 0 error(s), 1 left on base; Phoenix 2 - Connetquot 0
TOP OF THE 9TH
Phoenix Hotspur U-21 batting - Pitching for Connetquot Chiefs : RHP Tommy Middleton
Batting: LHB Luis Díaz 0-0: Swinging Strike
0-1: Ball
1-1: Called Strike
1-2: Strikes out swinging
Batting: RHB Marc Meertens 0-0: Called Strike
0-1: Swinging Strike
0-2: Strikes out swinging
Batting: LHB Rafael Sánchez 0-0: Ground out U3 (Groundball, 3)
Top of the 9th over - 0 run(s), 0 hit(s), 0 error(s), 0 left on base; Phoenix 2 - Connetquot 0
BOTTOM OF THE 9TH
Connetquot Chiefs batting - Pitching for Phoenix Hotspur U-21 : RHP Adam Garrison
Pitching: LHP Iván Vélez
Now at SS: José González
Batting: LHB Félix Fernández 0-0: Called Strike
0-1: Called Strike
0-2: Foul Ball, location: 2F
0-2: Ball
1-2: Strikes out swinging
Batting: LHB SaQwan Hackett 0-0: Ball
1-0: Ground out 6-3 (Groundball, 6M)
Batting: RHB John Burton 0-0: SINGLE (Groundball, 25) (infield hit)
Batting: SHB Britt Ducker 0-0: Ball
1-0: Ground out 5-3 (Groundball, 5)
Bottom of the 9th over - 0 run(s), 1 hit(s), 0 error(s), 1 left on base; Phoenix 2 - Connetquot 0
This league is powered by Out of the Park Baseball, the baseball management simulation game for PC, Mac and Linux
Friday, July 8th, 2016 - OOTP Baseball 16.9 Build 39